Map: Efflorescence LE

Players

McMonroe - Winner!

  • Race: Protoss Protoss
  • League: Grandmaster
  • Spawn Location: 9:00

StarGirL - Winner!

  • Race: Zerg Zerg
  • League: Master
  • Spawn Location: 6:00

DanDeeLion

  • Race: Zerg Zerg
  • League: Diamond
  • Spawn Location: 12:00

APtactics

  • Race: Zerg Zerg
  • League: Diamond
  • Spawn Location: 3:00

VOD

Have the link to the VOD?

Description

Time

  • Played on: March 19, 2020, 1:22 a.m.
  • Length: 11:07
Show
View Real Time Build Order
Export as new Build Order

McMonroe Protoss - Winner!

Build Orders: 1 Gate Expand, Oracle Opening, Phoenix Opening, Archon Immortal 

Get SALT Encoding   

  12  0:00  Probe  
  13  0:13  Probe  
  14  0:17  Pylon  
  14  0:25  Probe (Chrono Boost)  
  15  0:37  Probe (Chrono Boost)  
  15  0:40  Gateway  
  16  0:44  Probe (Chrono Boost)  
  17  0:51  Probe  
  17  0:53  Assimilator  
  18  1:03  Probe  
  19  1:15  Probe  
  20  1:33  Nexus  
  20  1:40  Probe  
  20  1:41  Cybernetics Core  
  21  1:51  Assimilator  
  21  1:52  Probe  
  22  2:00  Pylon  
  22  2:04  Probe  
  23  2:15  Adept (Chrono Boost)  
  23  2:20  Probe  
  26  2:27  Stargate  
  26  2:32  Probe  
  27  2:38  Stalker  
  27  2:43  Warp Gate  
  29  2:46  Probe (Chrono Boost)  
  29  2:47  Probe (Chrono Boost)  
  31  2:57  Probe (Chrono Boost)  
  33  3:00  Probe (Chrono Boost)  
  33  3:02  Probe (Chrono Boost)  
  34  3:12  Probe (Chrono Boost)  
  36  3:13  Probe (Chrono Boost), Phoenix  
  38  3:22  Probe (Chrono Boost), Pylon  
  38  3:23  Probe (Chrono Boost)  
  40  3:29  Adept  
  40  3:32  Probe  
  40  3:33  Probe  
  44  3:41  Oracle  
  47  3:44  Probe (Chrono Boost)  
  47  3:45  Assimilator  
  49  3:49  Probe (Chrono Boost)  
  49  3:50  Assimilator  
  50  3:56  Probe (Chrono Boost)  
  50  4:00  Probe (Chrono Boost)  
  50  4:02  Probe (Chrono Boost), Gateway  
  51  4:08  Stargate  
  51  4:09  Probe  
  53  4:12  Probe  
  54  4:19  Gateway  
  54  4:24  Pylon x2  
  54  4:33  Pylon  
  54  4:41  Phoenix  
  54  4:42  Probe x2  
  54  4:43  Gateway  
  54  4:44  Adept  
  60  4:51  Phoenix  
  62  4:54  Probe  
  63  5:06  Phoenix  
  65  5:12  Probe x2  
  67  5:16  Phoenix  
  67  5:17  Pylon  
  69  5:30  Probe  
  69  5:31  Probe, Nexus  
  69  5:32  Pylon  
  69  5:33  Robotics Facility  
  71  5:37  Sentry x2  
  71  5:38  Sentry  
  71  5:40  Adept  
  79  5:43  Probe  
  79  5:47  Phoenix  
  82  5:54  Phoenix  
  82  5:55  Probe  
  82  5:56  Probe  
  86  6:05  Forge  
  86  6:06  Twilight Council  
  86  6:09  Probe x2  
  88  6:17  Phoenix  
  90  6:21  Probe x2  
  90  6:23  Phoenix  
  94  6:37  Pylon  
  94  6:42  Immortal (Chrono Boost), Charge  
  94  6:45  Protoss Ground Weapons Level 1 (Chrono Boost)  
  98  6:48  Robotics Facility  
  98  6:49  Pylon  
  98  6:54  Probe x3  
  98  7:00  Pylon  
  101  7:02  Pylon  
  101  7:14  Immortal (Chrono Boost)  
  105  7:23  Gateway  
  105  7:24  Gateway  
  105  7:27  Probe x2  
  105  7:28  Probe  
  108  7:30  Gateway  
  108  7:31  Gateway, Assimilator  
  108  7:33  Assimilator  
  108  7:38  Immortal (Chrono Boost)  
  108  7:43  Immortal (Chrono Boost)  
  112  7:48  Templar Archives  
  116  7:54  Shield Battery  
  116  7:58  Shield Battery, Pylon  
  116  8:05  Zealot x4  
  122  8:24  Zealot x3  
  120  8:27  Immortal (Chrono Boost), Zealot  
  120  8:28  Zealot x4  
  130  8:37  Immortal (Chrono Boost)  
  130  8:42  Probe x3  
  130  8:47  High Templar  
  130  8:48  High Templar x3  
  137  8:52  Archon  
  137  8:53  Archon  
  141  8:59  Observer  
  142  9:04  Nexus  
  142  9:05  Pylon x2  
  142  9:06  Probe  
  142  9:07  Probe x2, Pylon  
  142  9:08  Pylon  
  145  9:11  Observer  
  146  9:20  Warp Prism  
  148  9:26  High Templar  
  148  9:27  Zealot, High Templar  
  148  9:28  Zealot x2  
  148  9:31  Archon  
  134  9:50  Zealot  
  134  9:51  Zealot x5  
  140  9:59  Probe x3  
  137  10:03  Immortal x2  
  145  10:08  High Templar x2  
  145  10:09  Assimilator  
  145  10:13  Assimilator  
  145  10:24  High Templar x2  
  145  10:25  Zealot x4  
  157  10:52  Zealot x6  
  169  10:59  Gateway  
  169  11:00  Gateway  
  169  11:01  Pylon  
  169  11:02  Pylon  
  169  11:06  Photon Cannon  
Show
View Real Time Build Order
Export as new Build Order

StarGirL Zerg - Winner!

Build Orders: Hatch First 

Get SALT Encoding   

  12  0:00  Drone  
  13  0:13  Overlord  
  13  0:18  Drone  
  14  0:31  Drone x2  
  16  0:51  Hatchery  
  16  0:54  Drone  
  16  0:55  Drone  
  17  0:59  Drone  
  18  1:09  Extractor  
  17  1:15  Spawning Pool  
  17  1:18  Drone  
  17  1:21  Drone  
  18  1:28  Drone  
  19  1:39  Drone  
  20  1:53  Overlord  
  20  2:02  Queen  
  20  2:04  Queen  
  20  2:05  Zergling x2  
  20  2:06  Zergling x2  
  26  2:10  Metabolic Boost  
  26  2:18  Drone x2  
  28  2:23  Drone  
  29  2:30  Baneling Nest  
  28  2:37  Drone  
  28  2:38  Drone x2  
  28  2:43  Queen  
  33  2:49  Overlord  
  33  2:54  Drone  
  34  3:01  Drone  
  34  3:02  Drone  
  36  3:14  Zergling x8  
  36  3:17  Drone x4  
  44  3:35  Hatchery  
  44  3:39  Baneling x3  
  43  3:41  Overlord  
  43  3:51  Overlord  
  43  3:54  Lair  
  43  3:59  Queen  
  45  4:05  Zergling x12  
  45  4:07  Drone  
  45  4:08  Baneling  
  52  4:20  Extractor  
  52  4:22  Drone x4, Roach Warren  
  54  4:26  Overlord  
  54  4:28  Drone  
  54  4:30  Drone  
  56  4:32  Drone  
  56  4:36  Drone x2  
  59  4:42  Overlord  
  59  4:46  Baneling  
  59  4:49  Extractor x2  
  56  4:56  Drone x2  
  58  5:07  Glial Reconstitution  
  58  5:08  Overlord  
  58  5:11  Hydralisk Den, Drone  
  58  5:12  Drone x7  
  62  5:21  Drone  
  62  5:22  Drone x5  
  66  5:36  Queen  
  66  5:42  Lurker Den, Grooved Spines  
  67  5:43  Drone x5  
  67  5:47  Drone x2  
  74  5:57  Drone x4  
  75  6:02  Roach  
  75  6:03  Roach x4  
  88  6:12  Overlord x2  
  88  6:13  Overlord x2  
  86  6:19  Extractor  
  86  6:20  Extractor  
  86  6:22  Roach x3  
  90  6:26  Overlord x2  
  90  6:27  Overlord  
  90  6:33  Pneumatized Carapace  
  90  6:34  Overseer  
  90  6:46  Roach  
  108  6:47  Roach x8  
  108  7:02  Hatchery  
  108  7:04  Drone  
  108  7:10  Drone x2, Hydralisk x2  
  108  7:11  Hydralisk  
  108  7:12  Infestation Pit  
  108  7:13  Drone x2  
  117  7:21  Hydralisk  
  119  7:24  Roach x5  
  129  7:47  Lurker  
  129  7:48  Lurker x2  
  129  7:50  Hive, Hydralisk x5  
  142  7:52  Overlord x2  
  142  7:54  Muscular Augments  
  142  8:11  Drone x5  
  142  8:12  Drone x6  
  153  8:22  Hydralisk x4  
  156  8:29  Hydralisk x4  
  157  8:35  Queen  
  157  8:36  Overlord x2  
  159  8:51  Hydralisk x4  
  159  8:53  Overlord x3  
  167  9:03  Extractor x2  
  167  9:08  Seismic Spines  
  163  9:13  Hydralisk  
  163  9:14  Hydralisk x6  
  169  9:19  Overseer  
  165  9:34  Hydralisk x4  
  165  9:35  Hydralisk x4  
  177  9:40  Roach x4  
  171  9:49  Hydralisk x2  
  171  9:50  Hydralisk  
  171  9:56  Drone  
  171  9:57  Drone x3  
  175  10:05  Adaptive Talons  
  175  10:07  Roach  
  175  10:08  Hatchery, Roach x2  
  175  10:13  Hydralisk x2  
  175  10:14  Hydralisk  
  180  10:20  Roach  
  180  10:21  Roach x7  
  200  10:23  Overlord  
  200  10:27  Overseer x2  
Show
View Real Time Build Order
Export as new Build Order

DanDeeLion Zerg 

Build Orders: Pool First 

Get SALT Encoding   

  12  0:01  Drone  
  13  0:13  Overlord  
  13  0:19  Drone  
  14  0:31  Drone x2  
  16  0:38  Drone  
  17  0:46  Spawning Pool  
  16  0:53  Drone  
  17  1:01  Drone  
  18  1:26  Hatchery  
  18  1:27  Drone x2  
  18  1:30  Extractor  
  18  1:32  Queen  
  18  1:38  Zergling x2  
  21  2:05  Drone  
  21  2:06  Overlord  
  22  2:23  Overlord  
  22  2:24  Queen  
  22  2:27  Drone  
  24  2:41  Queen  
  26  2:54  Drone x7  
  33  3:27  Lair  
  33  3:29  Spore Crawler  
  33  3:32  Spore Crawler  
  33  3:33  Drone  
  33  3:34  Drone x6  
  35  3:38  Extractor  
  37  3:59  Extractor  
  36  4:14  Evolution Chamber  
  35  4:17  Evolution Chamber  
  35  4:22  Drone x2  
  35  4:23  Overlord x3  
  36  4:29  Hydralisk Den  
  35  4:59  Extractor, Hydralisk x2  
  36  5:00  Hydralisk x8  
  36  5:03  Overlord  
  36  5:04  Overlord  
  54  5:15  Zerg Missile Weapons Level 1  
  54  5:20  Muscular Augments  
  54  5:38  Drone x8  
  54  5:42  Drone  
  63  5:52  Pneumatized Carapace  
  63  6:10  Drone  
  63  6:11  Drone x6  
  67  6:36  Hydralisk x4  
  67  6:38  Overlord x2  
  75  6:54  Zerg Ground Armor Level 1  
  75  6:56  Hydralisk x3  
  75  6:57  Nydus Network  
  80  7:11  Grooved Spines  
  80  7:16  Hydralisk x2  
  80  7:17  Hydralisk x3  
  90  7:53  Hatchery  
  90  7:57  Nydus Canal  
  89  8:05  Hydralisk  
  89  8:07  Overlord x3  
  47  8:34  Hydralisk  
  47  8:35  Hydralisk x11  
  47  8:39  Hydralisk  
  73  8:56  Hydralisk x4  
  73  8:57  Hydralisk  
  83  9:07  Drone x4  
  83  9:08  Drone  
  88  9:13  Hydralisk  
  90  9:35  Hydralisk x6  
  92  9:41  Hydralisk  
  92  9:42  Hydralisk  
  94  9:49  Hydralisk x2  
  88  9:56  Hydralisk x2  
Show
View Real Time Build Order
Export as new Build Order

APtactics Zerg 

Build Orders: Hatch First 

Get SALT Encoding   

  12  0:00  Drone  
  13  0:08  Drone  
  14  0:17  Overlord  
  14  0:36  Drone x3  
  17  0:47  Drone  
  18  1:00  Hatchery  
  18  1:03  Drone  
  19  1:11  Drone  
  19  1:20  Spawning Pool, Drone  
  19  1:23  Extractor  
  18  1:32  Drone  
  19  1:40  Overlord  
  19  2:01  Drone  
  19  2:02  Drone  
  19  2:06  Queen  
  23  2:12  Queen  
  23  2:13  Drone  
  26  2:19  Drone  
  27  2:24  Drone x2  
  29  2:35  Drone  
  30  2:37  Drone  
  30  2:43  Hatchery  
  30  2:47  Overlord  
  30  2:48  Overlord  
  30  2:55  Drone  
  30  2:56  Drone  
  32  3:02  Lair  
  32  3:06  Drone x2  
  34  3:17  Drone x4  
  38  3:21  Drone x2  
  38  3:23  Drone  
  38  3:26  Drone  
  42  3:30  Spore Crawler  
  41  3:37  Drone x2  
  41  3:40  Drone  
  44  3:41  Drone  
  44  3:43  Spore Crawler  
  44  3:48  Extractor  
  44  3:49  Roach Warren  
  44  3:51  Drone  
  44  3:52  Drone  
  44  3:53  Drone  
  44  3:55  Drone  
  46  3:59  Drone  
  46  4:00  Drone  
  46  4:01  Extractor  
  47  4:07  Drone x3  
  50  4:17  Overlord  
  50  4:18  Overlord  
  50  4:30  Glial Reconstitution  
  50  4:35  Queen  
  50  4:37  Spore Crawler  
  50  4:38  Drone x6  
  57  4:39  Drone, Spore Crawler  
  57  4:43  Overlord  
  56  4:46  Overlord  
  56  4:48  Drone  
  56  4:52  Drone x2  
  59  4:53  Drone  
  59  4:55  Drone  
  59  4:57  Drone  
  59  4:59  Drone  
  63  5:00  Drone  
  63  5:08  Roach x3  
  63  5:10  Roach  
  71  5:14  Roach  
  71  5:19  Roach x2  
  71  5:20  Zergling x4  
  73  5:28  Roach  
  74  5:30  Overlord  
  74  5:31  Overlord  
  74  5:38  Overlord x3  
  74  5:41  Evolution Chamber  
  74  5:42  Drone  
  74  5:51  Drone x7  
  81  5:59  Drone  
  81  6:00  Drone x5  
  81  6:01  Drone x2  
  89  6:11  Hydralisk Den  
  89  6:12  Drone  
  89  6:13  Drone x5  
  89  6:15  Extractor  
  89  6:18  Extractor  
  90  6:23  Roach x3  
  96  6:27  Drone x4  
  96  6:30  Drone  
  101  6:49  Overlord x3  
  101  6:57  Hatchery, Extractor  
  99  7:10  Hydralisk Den, Roach x10  
  99  7:11  Roach x5  
  128  7:22  Zerg Missile Weapons Level 1  
  128  7:26  Roach x4  
  128  7:27  Evolution Chamber  
  135  7:33  Roach  
  135  7:34  Spine Crawler  
  135  7:35  Spine Crawler x3  
  133  7:38  Overlord  
  133  7:39  Overlord x4  
  133  7:58  Muscular Augments  
  133  8:05  Hydralisk x8  
  133  8:09  Hydralisk  
  133  8:11  Hydralisk x2  
  155  8:15  Hydralisk x3  
  155  8:18  Drone  
  162  8:20  Drone  
  161  8:32  Drone x7  
  144  8:36  Hydralisk  
  118  8:50  Roach x7  
  118  8:52  Roach  
  118  8:54  Roach  
  132  9:00  Roach x2  
  136  9:03  Queen  
  136  9:04  Roach x2  
  136  9:05  Roach x2  
  136  9:06  Roach  
  138  9:18  Overseer x4  
  138  9:19  Overseer  
  138  9:21  Roach x2  
  138  9:22  Roach x6  
  154  9:24  Roach  
  154  9:27  Roach x4  
  154  9:30  Roach  
  161  9:36  Roach x2  
  161  9:37  Roach x3  
  165  9:40  Roach  
  135  9:46  Roach x4  
  135  9:48  Roach  
  135  9:50  Roach  
  119  9:57  Roach x5  
  124  10:06  Roach  
  122  10:07  Roach x2  
  122  10:12  Extractor  
  122  10:13  Spore Crawler  
  122  10:14  Spine Crawler, Extractor  
  115  10:16  Spine Crawler, Roach  
  115  10:17  Roach  
Tags
 
Add a new tag
Caveats
  • Supply blocks, unpowered buildings, or Contaminate may cause inaccurate times.
  • Supply counts are checked every 10 seconds.